 Dungeon Crawl Stone Soup version 0.28-a0-1389-gc726bef33b (webtiles) character file.

Game seed: 9003415625605507181

2989 Cheeritup the Cleaver (level 9, -3/72 HPs)
             Began as a Palentonga Berserker on Jan 3, 2022.
             Was a Priest of Trog.
             Slain by a hornet (12 damage)
             ... on level 7 of the Dungeon.
             The game lasted 00:28:11 (7774 turns).

Cheeritup the Cleaver (Palentonga Berserker)        Turns: 7774, Time: 00:28:12

Health: -3/72      AC: 21    Str: 32    XL:     9   Next: 53%
Magic:  9/9        EV:  6    Int:  8    God:    Trog [***...]
Gold:   36         SH:  0    Dex: 11    Spells: 8/8 levels left

rFire   . . .      SeeInvis +   c - +7 spear "Yxett" {elec, rElec rPois Str+3}
rCold   . . .      Faith    .   (no shield)
rNeg    . . .      Spirit   .   l - +0 plate armour
rPois   +          Reflect  .   (no helmet)
rElec   +          Harm     .   m - +1 cloak
rCorr   +          Rampage  .   h - +0 pair of gloves
Will    .....                   (no barding)
Stlth   ..........              (no amulet)
HPRegen 0.22/turn               n - ring of resist corrosion
MPRegen 0.11/turn               r - +6 ring of strength

@: on berserk cooldown, hasted, curled up, very quick
A: large, rugged brown scales 3, see invisible, deformed body, roll 1, armoured
tail, reflexive curl
a: Rolling Charge, Renounce Religion, Berserk, Trog's Hand


You were on level 7 of the Dungeon.
You worshipped Trog.
Trog was most pleased with you.
You visited 1 branch of the dungeon, and saw 7 of its levels.

You collected 239 gold pieces.
You spent 203 gold pieces at shops.

Inventory:

Hand Weapons
 a - a +0 hunting sling
 c - the +7 spear "Yxett" (weapon) {elec, rElec rPois Str+3}
   (You found it on level 4 of the Dungeon)

   It occasionally discharges a powerful burst of electricity upon striking a
   foe.
   Str:       It affects your strength (+3).
   rElec:     It insulates you from electricity.
   rPois:     It protects you from poison.
 g - a +0 war axe
 i - a +2 hand axe of electrocution
 o - a +3 mace
 u - a +4 trident
Missiles
 k - 39 poisoned darts
Armour
 h - a +0 pair of gloves (worn)
 l - a +0 plate armour (worn)
 m - a +1 cloak (worn)
 v - a +0 buckler
Jewellery
 n - a ring of resist corrosion (left hand)
 r - a +6 ring of strength (right hand)
Wands
 b - a wand of polymorph (10)
 f - a wand of iceblast (9)
Scrolls
 w - a scroll of enchant weapon
 x - a scroll of identify
Potions
 e - 2 potions of brilliance
 j - 2 potions of flight
 p - a potion of mutation


   Skills:
 - Level 5.0 Fighting
 + Level 9.7(9.9) Axes
 - Level 2.0(6.0) Polearms
 + Level 6.7 Armour
 - Level 1.5 Dodging
 + Level 2.1 Shields


You had 8 spell levels left.
You didn't know any spells.
Your spell library was empty.

Dungeon Overview and Level Annotations

Branches:
Dungeon (7/15)             Temple (0/1) D:4

Altars:

Shops:
D:4 !   D:6 !


Innate Abilities, Weirdness & Mutations

You are completely covered in rugged brown scales. (AC +3, +7% HP)
You have supernaturally acute eyesight. (SInv)
Armour fits poorly on your strangely shaped body.
You can roll at nearby foes to attack.
You have a long armoured tail.
You curl defensively after being hit. (AC +7*)


Message History

Items here: ( )) ††.
You feel very sick.
You feel sick. The hornet barely misses you.
You see here a black bear corpse.
You feel sick.
Things that are here:
a +0 dagger; an orc corpse You feel sick.
The hornet stings you!
* * * LOW HITPOINT WARNING * * *
The hornet stings you but does no damage.
You feel sick.
You feel much better.
You feel sick. The hornet stings you.
You are more poisoned.
You feel yourself slow down. The hornet stings you.
You feel as though you will be slow longer.
You feel yourself speed up.
You feel very sick.
The hornet stings you but does no damage.
The kobold brigand hits you with a +0 dagger.
* * * LOW HITPOINT WARNING * * *
The hornet stings you but does no damage.
You feel sick. The hornet completely misses you. The hornet barely misses you.
You feel yourself speed up.
You feel sick.
You feel sick.
The kobold brigand hits you but does no damage.
The hornet stings you but does no damage.
You feel sick.
You feel sick. The hornet stings you.
* * * LOW HITPOINT WARNING * * *
You feel sick.
You feel sick.
You feel better.
The hornet stings you but does no damage.
The hornet stings you but does no damage.
The hornet stings you but does no damage.
The hornet stings you!
* * * LOW HITPOINT WARNING * * *
The hornet stings you!
You die...

# ###..#..## ####.# ##..# ##
##.#.#### ### #..## .###
#.....)# #.## ..K####..###.#
##.# ##o.o....o.#.# ##..#
..####.###.o.### #..##
#...........K..### #.## ##
###.#######.y.###.#
######### #.# ###@.##.#
#.......# #.#
##).#.####.......# ..#
#####.#.#..........#
..#######.....)............#
.........#.#.)<####.>.....#
...........#..## #########
###############


You could see a hornet, an orc warrior, a kobold brigand and an orc.

Vanquished Creatures
  2 gargoyles
  5 yaks (D:5)
  A steam dragon (D:6)
  A black bear (D:7)
  A hornet zombie (D:5)
  An ogre (D:5)
  A centaur (D:6)
  Blork the orc (D:6)
  A gnoll sergeant (D:6)
  2 scorpions
  A water moccasin zombie (D:6)
  A wyvern skeleton (D:6)
  5 wights (D:6)
  A bullfrog zombie (D:6)
  4 jellies
  An orc priest (D:4)
  3 centaur skeletons
  An iguana (D:6)
  5 orc wizards
  A hound zombie (D:5)
  A hound skeleton (D:4)
  7 gnolls
  An adder (D:6)
  2 shadow imps
  2 white imps
  2 worms
  28 orcs
  9 endoplasms
  3 giant cockroaches
  11 goblins
  7 hobgoblins
  6 quokkas
  9 ball pythons
  8 bats
  7 frilled lizards
  6 kobolds
  7 rats
155 creatures vanquished.

Vanquished Creatures (others)
  5 plants (D:3)
5 creatures vanquished.

Grand Total: 160 creatures vanquished

Notes
Turn   | Place    | Note
-------+----------+-------------------------------------------
     0 | D:1      | Cheeritup the Palentonga Berserker began the quest for the
                  | Orb.
     0 | D:1      | Reached XP level 1. HP: 19/19 MP: 1/1
    41 | D:1      | Found a faded altar of an unknown god.
    68 | D:1      | Reached XP level 2. HP: 25/25 MP: 2/2
   399 | D:1      | Reached skill level 4 in Axes
   452 | D:1      | Reached ** piety under Trog
   751 | D:1      | Reached XP level 3. HP: 31/31 MP: 3/3
  1948 | D:3      | Reached skill level 5 in Axes
  1948 | D:3      | Reached XP level 4. HP: 33/37 MP: 4/4
  3042 | D:4      | Noticed a scorpion
  3048 | D:4      | Killed a scorpion
  3049 | D:4      | Reached skill level 6 in Axes
  3049 | D:4      | Reached XP level 5. HP: 43/43 MP: 5/5
  3421 | D:4      | Reached XP level 6. HP: 35/50 MP: 6/6
  3631 | D:4      | Found Ruoloele's Distillery.
  3648 | D:4      | Reached skill level 7 in Axes
  3661 | D:4      | Bought a potion of heal wounds for 60 gold pieces
  3694 | D:4      | Found a staircase to the Ecumenical Temple.
  3738 | D:4      | Identified the +7 spear "Yxett" {elec, rElec rPois Str+3}
  3983 | D:5      | Entered Level 5 of the Dungeon
  4261 | D:5      | Reached *** piety under Trog
  4278 | D:5      | Noticed a yak
  4291 | D:5      | Killed a yak
  4292 | D:5      | Gained mutation: You curl defensively after being hit. (AC
                  | +7*) [Palentonga growth]
  4292 | D:5      | Reached XP level 7. HP: 45/57 MP: 7/7
  4360 | D:5      | Noticed a yak
  4360 | D:5      | Noticed a yak
  4373 | D:5      | Killed a yak
  4374 | D:5      | Noticed a yak
  4384 | D:5      | Killed a yak
  4385 | D:5      | Reached skill level 5 in Fighting
  4387 | D:5      | Killed a yak
  4388 | D:5      | Reached skill level 8 in Axes
  4388 | D:5      | Reached XP level 8. HP: 41/66 MP: 8/8
  5068 | D:5      | Noticed a gargoyle
  5078 | D:5      | Killed a gargoyle
  5079 | D:5      | Reached skill level 5 in Armour
  5542 | D:6      | Reached skill level 1 in Polearms
  5835 | D:6      | Noticed Blork the orc
  6005 | D:6      | Killed Blork the orc
  6025 | D:6      | Reached XP level 9. HP: 45/72 MP: 9/9
  6244 | D:6      | Reached skill level 9 in Axes
  6906 | D:6      | Found Jikhesub's Distillery.
  6913 | D:6      | Bought a potion of curing for 39 gold pieces
  6913 | D:6      | Bought a potion of cancellation for 104 gold pieces
  7318 | D:7      | Reached skill level 1 in Shields
  7498 | D:7      | Noticed a gargoyle
  7516 | D:7      | Killed a gargoyle
  7731 | D:7      | Paralysed by a hornet for 3 turns
  7774 | D:7      | Slain by a hornet

Illustrated notes

Levels and vault maps discovered:
D:1:      ncdulo_halloftheorcs, layout_loops_ring, basic_ecumenical_altar
D:2:      layout_basic, serial_glass, glass_columns_b, glass_columns_b,
          minmay_strange_pillars, minmay_strange_pillars, feat_on_display,
          minmay_strange_pillars, grunt_ministairs_2
D:3:      corexii_shack_village, layout_rooms
D:4:      layout_gridville, minmay_temple_entry_trees, serial_shops, shop_statue
D:5:      layout_basic, minmay_misc_feat_nine_boxes, minmay_small_thing
D:6:      layout_loops_corners, serial_shops, nicolae_square_shop,
          minmay_liquid_box, grunt_ministairs_5, uniq_blork_the_orc
D:7:      layout_rooms, chequers_serial_rivers_micro_d, minivault_25

Skill      XL: |  1  2  3  4  5  6  7  8  9 |
---------------+----------------------------+-----
Axes           | 4 5 6 7 8 9 |  9.7
Fighting       | 4 5 |  5.0
Armour         | 2 3 5 6 |  6.7
Polearms       | 2 |  2.0
Shields        | 2 |  2.1
Dodging        | |  1.5

Action                   |  1- 3 |  4- 6 |  7- 9 || total
-------------------------+-------+-------+-------++-------
Melee: Hand axe          |   122 |    64 |       ||   186
       Tailslap          |     6 |    12 |    31 ||    49
       War axe           |       |    12 |       ||    12
       Spear             |       |    14 |   158 ||   172
Throw: Dart              |       |       |     3 ||     3
Invok: Berserk           |     3 |     3 |     7 ||    13
       Trog's Hand       |     2 |       |       ||     2
 Abil: Rolling Charge    |    20 |    11 |    19 ||    50
Evoke: Wand              |       |       |     1 ||     1
  Use: Scroll            |       |    12 |     3 ||    15
       Potion            |       |     1 |     5 ||     6
 Stab: Sleeping          |     1 |       |       ||     1
Armor: Animal skin       |    39 |       |       ||    39
       Scale mail        |     9 |    27 |       ||    36
       Ring mail         |     4 |       |       ||     4
       Plate armour      |       |     2 |    85 ||    87
Dodge: Dodged            |    56 |    12 |    33 ||   101

Table legend: (Time is in decaauts)
 A = Elapsed time spent in this place.
 B = Non-inter-level travel time spent in this place.
 C = Inter-level travel time spent in this place.
 D = Time resting spent in this place.
 E = Time spent auto-exploring this place.
 F = Levels seen in this place.
 G = Mean time per level.
                   A        B        C        D        E       F      G
               +--------+--------+--------+--------+--------+-----+--------+
         Total |   7883 |   7626 |    257 |   1743 |   4147 |   7 | 1126.1 |
       Dungeon |   7883 |   7626 |    257 |   1743 |   4147 |   7 | 1126.1 |
               +--------+--------+--------+--------+--------+-----+--------+

Top non-repeatable levels by time:
     D:6: 1849 daAuts
     D:5: 1471 daAuts
     D:3: 1154 daAuts
     D:1: 1006 daAuts
     D:4: 966 daAuts
     D:2: 925 daAuts
     D:7: 508 daAuts
